 Dungeon Crawl Stone Soup version 0.13.0 (webtiles) character file.

1509 Lilouch the Slasher (level 8, -4/64 HPs)
             Began as a Demigod Fighter on Oct 11, 2013.
             Slain by an orc warrior
             ... wielding a +0,+0 orcish trident
              (16 damage)
             ... on Level 6 of the Dungeon.
             The game lasted 00:47:15 (6105 turns).

Lilouch the Slasher (Demigod Fighter)               Turns: 6105, Time: 00:47:15

HP  -4/64        AC 11     Str 21      XL: 8   Next:  6%
MP  13/13        EV  5     Int 15      God:
Gold 249         SH 22     Dex 21      Spells:  0 memorised,  7 levels left

Res.Fire  : . . .   See Invis. : .   b - -1,+3 orc falchion
Res.Cold  : . . .   Warding    : +   u - +1 dwarf chain mail
Life Prot.: + . .   Conserve   : .   c - +0 shield
Res.Poison: .       Res.Corr.  : .   (no helmet)
Res.Elec. : .       Clarity    : .   (no cloak)
Sust.Abil.: . .     Spirit.Shd : .   (no gloves)
Res.Mut.  : .       Stasis     : .   (no boots)
Res.Rott. : .       Flight     : .   y - amulet of warding
Saprovore : . . .                    (no ring)
                                     F - +5 ring of dexterity

@: somewhat resistant to hostile enchantments, extremely unstealthy
A: no striking features
a: no special abilities


You were on level 6 of the Dungeon.
You were not hungry.

You visited 1 branch of the dungeon, and saw 6 of its levels.

You collected 229 gold pieces.

Inventory:

Hand weapons
 a - a +0,-2 falchion
 b - a -1,+3 orcish falchion (weapon)
 q - a cursed +0,+3 spear of dragon slaying
 s - a cursed +0,-3 spear (quivered)
 L - a +0,+1 orcish spear
 O - a +1,+1 whip of venom
 V - a cursed -1,+0 dwarven mace
Missiles
 f - 77 stones
 l - 11 exploding darts
Armour
 c - a +0 shield (worn)
 u - a +1 dwarven chain mail (worn)
Magical devices
 Q - a wand of fire (8) {unknown}
Comestibles
 d - 3 bread rations
 g - 3 pears
 k - 2 meat rations
 A - a choko
 C - 2 apples
 I - 5 grapes
 U - a chunk of iguana flesh
 Y - 4 chunks of orc flesh
Scrolls
 e - 4 scrolls of teleportation {unknown}
 j - 7 scrolls of remove curse {unknown}
 n - 2 scrolls of enchant weapon I {unknown}
 r - a scroll of magic mapping {unknown}
 t - 2 scrolls of curse weapon {unknown}
 v - a scroll of enchant weapon II {unknown}
 x - a scroll of fog {unknown}
 E - a scroll of noise {unknown}
 G - 5 scrolls of identify {unknown}
 H - a scroll of random uselessness {unknown}
 M - 2 scrolls of enchant armour {unknown}
 N - 4 scrolls of blinking {unknown}
 R - a scroll of amnesia {unknown}
Jewellery
 w - an uncursed ring of positive energy {unknown}
 y - an amulet of warding (around neck)
 F - a +5 ring of dexterity (left hand)
 P - an uncursed ring of protection from magic {unknown}
 T - an uncursed ring of see invisible {unknown}
Potions
 h - 3 potions of restore abilities {unknown}
 i - 2 potions of invisibility {unknown}
 m - 2 potions of slowing {unknown}
 o - a potion of might {unknown}
 p - 2 potions of curing {unknown}
 z - a potion of heal wounds {unknown}
 B - a potion of resistance {unknown}
 D - a potion of cure mutation {unknown}
 S - a potion of poison {unknown}
 W - a potion of berserk rage {unknown}
 X - a potion of agility {unknown}
Books
 J - a book of Unlife

   Spells                             Type                      Level
   Recall                             Summoning/Translocation      3
   Animate Dead                       Necromancy                   4
   Control Undead                     Necromancy                   4
   Twisted Resurrection               Necromancy                   5
   Death Channel                      Necromancy                   6
   Simulacrum                         Ice/Necromancy               6
 K - a book of the Warp

   Spells                             Type                      Level
   Recall                             Summoning/Translocation      3
   Control Teleport                   Charms/Translocation         4
   Phase Shift                        Translocation                5
   Warp Weapon                        Charms/Translocation         5
   Dispersal                          Translocation                6
   Controlled Blink                   Translocation                7
   Disjunction                        Translocation                8


   Skills:
 - Level 2.9 Fighting
 * Level 6.6 Long Blades
 + Level 5.3 Armour
 - Level 0.1 Dodging
 + Level 5.0 Shields


You had 7 spell levels left.
You didn't know any spells.

Dungeon Overview and Level Annotations

Branches:
Dungeon (6/27)             Temple (0/1) D:5
    Orc: D:6-11


Message History

The orc warrior is heavily wounded.
The orc warrior hits you with an orcish trident!
You closely miss the orc warrior.
The orc warrior is heavily wounded.
The orc warrior barely misses you.
Your chain mail prevents you from hitting the orc warrior.
The orc warrior is heavily wounded.
The orc warrior hits you with an orcish trident!
* * * LOW HITPOINT WARNING * * *
You hit the orc warrior.
The orc warrior is heavily wounded.
The orc warrior hits you but does no damage.
You hit the orc warrior.
The orc warrior is severely wounded.
The orc warrior hits you with an orcish trident.
* * * LOW HITPOINT WARNING * * *
You closely miss the orc warrior.
The orc warrior is severely wounded.
The orc warrior hits you with an orcish trident!
You die...

....#... ... ...#..
.##.### #....# .....
#....# # ..... #....#.#
....####....#.####..
.........>oo........
#.#######<#o######..
#.# #.#@# #<# #.#.#
#.#######.#.#####.
#.).................
#.#######.#.####### #.#
#.....# . #.# #.....#
...
#####.#####.....##.....
.......................


You could see an orc warrior and 2 orcs.

Vanquished Creatures
  Menkaure (D:5)
  The ghost of caseyjones the Shooter, an average CeHu (D:3)
  2 phantoms
  A centaur (D:5)
  3 orc priests
  2 hounds (D:4)
  A jelly (D:5)
  A scorpion (D:5)
  6 worker ants
  3 orc wizards
  3 iguanas
  3 worker ant zombies (D:5)
  5 gnolls
  A giant mite (D:5)
  6 adders
  2 worms (D:4)
  An adder skeleton (D:4)
  An adder zombie (D:5)
  3 giant geckos
  2 oozes
  21 orcs
  9 bats
  2 bat skeletons
  A bat zombie (D:5)
  A gnoll skeleton (D:5)
  13 hobgoblins
  3 jackals (D:2)
  8 kobolds
  3 quokkas
  5 giant cockroaches
  2 giant newts
  15 goblins
  A goblin zombie (D:5)
  A jackal skeleton (D:4)
  A kobold skeleton (D:4)
  2 orc skeletons (D:4)
  6 rats
  A plant (D:2)
143 creatures vanquished.

Notes
Turn   | Place    | Note
--------------------------------------------------------------
     0 | D:1      | Lilouch, the Demigod Fighter, began the quest for the Orb.
     0 | D:1      | Reached XP level 1. HP: 19/19 MP: 2/2
   129 | D:1      | Reached XP level 2. HP: 20/26 MP: 3/3
   385 | D:1      | Reached skill level 3 in Armour
   669 | D:2      | Found a shattered altar of Ashenzari.
   706 | D:2      | Found a basalt altar of Yredelemnul.
   721 | D:2      | Reached XP level 3. HP: 30/33 MP: 5/5
  1465 | D:3      | Found a bloodstained altar of Trog.
  1576 | D:3      | Noticed caseyjones' ghost (average CeHu)
  1678 | D:3      | Reached XP level 4. HP: 37/39 MP: 7/7
  2298 | D:3      | Killed caseyjones' ghost
  2298 | D:3      | Reached skill level 4 in Long Blades
  2298 | D:3      | Reached XP level 5. HP: 26/45 MP: 8/8
  2742 | D:4      | Noticed a phantom
  2795 | D:4      | Noticed a phantom
  2820 | D:4      | Reached XP level 6. HP: 33/52 MP: 10/10
  2902 | D:3      | Killed a phantom
  3190 | D:4      | Killed a phantom
  3232 | D:4      | Reached skill level 5 in Long Blades
  3618 | D:4      | Reached XP level 7. HP: 20/58 MP: 12/12
  4184 | D:5      | Entered Level 5 of the Dungeon
  4345 | D:5      | Found a staircase to the Ecumenical Temple.
  4891 | D:5      | Reached skill level 6 in Long Blades
  4896 | D:5      | Reached skill level 5 in Armour
  5074 | D:5      | Noticed Menkaure
  5279 | D:5      | Killed Menkaure
  5777 | D:5      | Reached skill level 5 in Shields
  5850 | D:5      | Reached XP level 8. HP: 60/64 MP: 13/13
  6105 | D:6      | Slain by an orc warrior

Action                   |  1- 3 |  4- 6 |  7- 9 || total
-------------------------+-------+-------+-------++-------
Melee: Falchion          |   212 |   269 |   258 ||   739
Throw: Spear             |       |     3 |       ||     3
